 Dungeon Crawl Stone Soup version 0.22.1-1-ga44c0e5 (webtiles) character file.

163 Fang the Chopper (level 5, -4/33 HPs)
             Began as a Gargoyle Berserker on Oct 2, 2018.
             Was a Believer of Trog.
             Killed from afar by an orc wizard (8 damage)
             ... with a magic dart
             ... on level 3 of the Dungeon.
             The game lasted 00:04:08 (1843 turns).

Fang the Chopper (Gargoyle Berserker)               Turns: 1843, Time: 00:04:10

Health: -4/33      AC:  6    Str: 27    XL:     5   Next: 44%
Magic:  5/5        EV: 12    Int:  7    God:    Trog [**....]
Gold:   114        SH:  0    Dex:  9    Spells: 4/4 levels left

rFire    . . .     SeeInvis .   a - +0 hand axe
rCold    . . .     Gourm    .   (no shield)
rNeg     + . .     Faith    .   b - +0 animal skin
rPois    ∞         Spirit   .   (no helmet)
rElec    +         Reflect  .   (no cloak)
rCorr    +         Harm     .   (no gloves)
MR       .....                  (no boots)
Stlth    +.........             (no amulet)
HPRegen  0.11/turn              d - ring of resist corrosion
MPRegen  0.09/turn              e - +5 ring of strength

@: berserk cooldown, slowed, very slow
A: negative energy resistance 1, electricity resistance, unbreathing,
petrification resistance, rot immunity, AC +4
a: Berserk, Trog's Hand, Renounce Religion


You were on level 3 of the Dungeon.
You worshipped Trog.
Trog was pleased with you.
You were very hungry.

You visited 1 branch of the dungeon, and saw 3 of its levels.

You collected 114 gold pieces.

Inventory:

Hand Weapons
 a - a +0 hand axe (weapon)
Armour
 b - a +0 animal skin (worn)
Jewellery
 d - a ring of resist corrosion (left hand)
 e - a +5 ring of strength (right hand)
Wands
 i - a wand of polymorph (9)
 j - a wand of enslavement (18)
Scrolls
 f - 2 scrolls of teleportation {unknown}
 g - a scroll of enchant armour {unknown}
 h - 2 scrolls of identify {unknown}
Comestibles
 c - 4 rations


   Skills:
 + Level 4.2 Fighting
 + Level 4.4 Axes
 + Level 2.3 Armour
 + Level 2.3 Dodging
 + Level 0.6 Stealth


You had 4 spell levels left.
You didn't know any spells.
Your spell library was empty.

Dungeon Overview and Level Annotations

Branches:
Dungeon (3/15)

Altars:


Innate Abilities, Weirdness & Mutations

You are resistant to torment.
Your stone body is resilient. (AC +4)
You are immune to poison.
You resist negative energy. (rN+)
You are resistant to electric shocks. (rElec)
You can survive without breathing.
You are immune to petrification.
You are immune to rotting.


Message History

You miss the orc wizard.
The orc wizard is heavily wounded.
The orc wizard barely misses you.
The orc wizard mumbles some strange words.
The orc wizard blinks!
Items here: ( )) [ †† You completely miss the orc wizard.
The orc wizard is heavily wounded.
The orc wizard gestures at you while chanting.
You resist with some effort. The orc wizard closely misses you.
You closely miss the orc wizard.
The orc wizard is heavily wounded.
The orc wizard hits you but does no damage.
You closely miss the orc wizard.
The orc wizard is heavily wounded.
The orc wizard hits you with a dagger.
* * * LOW HITPOINT WARNING * * *
The orc wizard casts a spell at you. The magic dart hits you!
You die...

#..# #.#
#..###.####### ###
##.............
..###...##.#.######
#
#.#.###..###......
#. #...#
#...#.#####.
#.###<#.###.##.# #.
#...###...## # #.
#..@o(..## #.
#..###### .. #..#
## #..# #..# #..#
#..# #..#


You could see an orc wizard.

Vanquished Creatures
  A bullfrog (D:3)
  Ijyb (D:3)
  An adder (D:2)
  A worm (D:2)
  2 dart slugs
  2 leopard geckos
  2 orcs (D:3)
  A ball python (D:1)
  3 bats
  3 giant cockroaches
  7 goblins
  6 hobgoblins (D:1)
  4 jackals (D:1)
  8 kobolds
  A quokka (D:3)
  2 frilled lizards
  10 rats
55 creatures vanquished.

Notes
Turn   | Place    | Note
-------+----------+-------------------------------------------
     0 | D:1      | Fang the Gargoyle Berserker began the quest for the Orb.
     0 | D:1      | Reached XP level 1. HP: 14/14 MP: 1/1
    46 | D:1      | Reached XP level 2. HP: 17/19 MP: 2/2
   362 | D:1      | Reached ** piety under Trog
   377 | D:1      | Reached XP level 3. HP: 24/24 MP: 3/3
  1107 | D:2      | Reached XP level 4. HP: 27/29 MP: 4/4
  1576 | D:3      | Noticed a bullfrog
  1582 | D:3      | Killed a bullfrog
  1582 | D:3      | Reached XP level 5. HP: 33/33 MP: 5/5
  1693 | D:3      | Noticed Ijyb
  1710 | D:3      | Killed Ijyb
  1843 | D:3      | Killed from afar by an orc wizard

Skill      XL: |  1  2  3  4 |
---------------+-------------+-----
Axes           | 3 4 |  4.4
Fighting       | 4 |  4.2
Dodging        | 2 |  2.3
Armour         | |  2.3
Stealth        | |  0.6

Action                   |  1- 3 |  4- 6 || total
-------------------------+-------+-------++-------
Melee: Hand axe          |   151 |    63 ||   214
       Unarmed           |       |     3 ||     3
Invok: Berserk           |       |     3 ||     3
  Eat: Chunk             |       |     5 ||     5
Armor: Animal skin       |    49 |    15 ||    64
Dodge: Dodged            |   116 |    46 ||   162
